 Dungeon Crawl Stone Soup version 0.28.0-45-g0d030f2227 (webtiles) character file.

Game seed: 3250907292251404993

30 101zpm the Skirmisher (level 3, -4/24 HPs)
             Began as a Gargoyle Fighter on Apr 4, 2022.
             Slain by an orc
             ... wielding a +0 war axe
              (6 damage)
             ... on level 3 of the Dungeon.
             The game lasted 00:01:07 (542 turns).

101zpm the Skirmisher (Gargoyle Fighter)             Turns: 542, Time: 00:01:08

Health: -4/24      AC: 10    Str: 21    XL:     3   Next: 20%
Magic:  3/3        EV:  9    Int:  8    God:
Gold:   26         SH:  4    Dex:  9    Spells: 2/2 levels left

rFire   . . .      SeeInvis .   a - +0 flail
rCold   . . .      Faith    .   c - +0 buckler
rNeg    + . .      Spirit   .   b - +0 scale mail
rPois   ∞          Reflect  .   (no helmet)
rElec   +          Harm     .   (no cloak)
rCorr   .          Rampage  .   (no gloves)
Will    .....                   (no boots)
Stlth   ..........              (no amulet)
HPRegen 0.08/turn               (no ring)
MPRegen 0.08/turn               (no ring)

@: no status effects
A: sickness immunity, AC +3, negative energy resistance 1, electricity
resistance, torment resistance 1, petrification resistance
a: no special abilities


You were on level 3 of the Dungeon.
You visited 1 branch of the dungeon, and saw 3 of its levels.

You collected 26 gold pieces.

Inventory:

Hand Weapons
 a - a +0 flail (weapon)
Armour
 b - a +0 scale mail (worn)
 c - a +0 buckler (worn)
Scrolls
 e - a scroll of identify {unknown}
Potions
 d - a potion of might
 f - a potion of curing {unknown}


   Skills:
 + Level 3.8 Fighting
 + Level 2.0 Maces & Flails
 + Level 3.7 Armour
 + Level 0.1 Dodging
 + Level 3.7 Shields


You had 2 spell levels left.
You didn't know any spells.
Your spell library was empty.

Dungeon Overview and Level Annotations

Branches:
Dungeon (3/15)

Altars:

Annotations:
D:2 Robin
D:3 3 runed translucent doors, doomsgape's ghost, weakling GrEE


Innate Abilities, Weirdness & Mutations

You are immune to sickness and miasma.
Your stone body is resilient. (AC +3)
You are immune to poison.
You resist negative energy. (rN+)
You are resistant to electric shocks. (rElec)
You are resistant to unholy torment.
You are immune to petrification.


Message History

The orc barely misses you.
You hit the orc.
The orc is lightly wounded.
The orc hits you but does no damage.
You hit the orc but do no damage.
The orc is lightly wounded.
The orc hits you with a +0 short sword.
You hit the orc.
The orc is severely wounded.
The orc hits you but does no damage. The orc hits you with a +0 short sword.
You are too injured to fight recklessly!
You are too injured to fight recklessly!
You are too injured to fight recklessly!
You are too injured to fight recklessly!
You are too injured to fight recklessly!
You are too injured to fight recklessly!
You are too injured to fight recklessly!
You are too injured to fight recklessly!
You are too injured to fight recklessly!
You are too injured to fight recklessly!
You are too injured to fight recklessly!
You closely miss the orc.
The orc is severely wounded.
The orc completely misses you.
You hit the orc.
The orc is almost dead.
The orc hits you with a +0 short sword. The orc closely misses you.
You sock the orc!
You kill the orc!
An orc comes into view. It is wielding a +0 war axe.
The orc shouts!
The orc misses you.
Items here: ( ))) [[ †††.
The orc hits you with a +0 war axe!
* * * LOW HITPOINT WARNING * * *
You closely miss the orc. The orc barely misses you.
You hit the orc.
The orc is heavily wounded.
The orc hits you with a +0 war axe.
You die...

###.##
#....#
#.####
####.#
#....#
#.####
#.#
#.###)#
#...o@#
#######


You could see an orc.

Vanquished Creatures
  An adder (D:3)
  4 orcs (D:3)
  2 goblins (D:3)
  6 hobgoblins (D:3)
  A bat (D:3)
  2 rats (D:3)
16 creatures vanquished.

Vanquished Creatures (others)
  2 fungi (D:3)
  2 plants (D:3)
4 creatures vanquished.

Grand Total: 20 creatures vanquished

Notes
Turn   | Place    | Note
-------+----------+-------------------------------------------
     0 | D:1      | 101zpm the Gargoyle Fighter began the quest for the Orb.
     0 | D:1      | Reached XP level 1. HP: 14/14 MP: 1/1
     7 | D:2      | Noticed Robin
   220 | D:3      | Reached XP level 2. HP: 14/19 MP: 2/2
   437 | D:3      | Found a runed translucent gate.
   437 | D:3      | Found a runed translucent gate.
   437 | D:3      | Found a runed translucent gate.
   438 | D:3      | Noticed a kobold brigand
   438 | D:3      | Noticed doomsgape's ghost (weakling GrEE)
   490 | D:3      | Reached XP level 3. HP: 22/24 MP: 3/3
   542 | D:3      | Slain by an orc

Illustrated notes

Levels and vault maps discovered:
D:1:      dpeg_arrival_long_road, layout_basic, ebering_ecumenical_altar_webs
D:2:      wander_river, layout_rooms, uniq_robin, uniq_natasha
D:3:      layout_basic, mainiacjoe_overflow_large_starburst,
          gammafunk_ghost_nasty_kobolds

Action                   || total
-------------------------++-------
Melee: Flail             ||    63
Armor: Scale mail        ||    39
Dodge: Dodged            ||    37
Block: Buckler           ||    17
